 Dungeon Crawl Stone Soup version 0.30.1-11-g7821555f0a (webtiles) character file.

Game seed: 14683259353819780438

90 Ijustatesigmund the Digger (level 4, -1/26 HPs)
             Began as a Gargoyle Earth Elementalist on Nov 29, 2023.
             Slain by a gnoll
             ... wielding a +0 flail
              (6 damage)
             ... on level 2 of the Dungeon.
             The game lasted 00:02:40 (1862 turns).

Ijustatesigmund the Digger (GrEE)                   Turns: 1862, Time: 00:02:41

Health: -1/26      AC:  5    Str: 12    XL:     4   Next: 56%
Magic:  7/8        EV: 11    Int: 17    God:
Gold:   76         SH:  0    Dex: 10    Spells: 4/8 levels left

rFire   . . .        k - +2 battleaxe (flame)
rCold   . . .        (shield currently unavailable)
rNeg    + . .        a - +0 robe
rPois   ∞            (no helmet)
rElec   +            (no cloak)
rCorr   .            (no gloves)
SInv    .            (no boots)
Will    .....        (no amulet)
Stlth   ++           (no ring)
HPRegen 0.24/turn    (no ring)
MPRegen 0.11/turn

%: no passive effects
@: hasted, very quick
A: sickness immunity, AC +3, negative energy resistance 1, electricity
resistance, torment resistance 1, petrification resistance
a: no special abilities


You were on level 2 of the Dungeon.
You visited 1 branch of the dungeon, and saw 2 of its levels.

You collected 76 gold pieces.

Inventory:

Hand Weapons
 e - a +0 club
 k - a +2 battleaxe of flaming (weapon)
Missiles
 c - 2 throwing nets
Armour
 a - a +0 robe (worn)
Scrolls
 g - a scroll of brand weapon {unknown}
 i - a scroll of noise {unknown}
 j - a scroll of fear
 l - a scroll of teleportation {unknown}
 o - a scroll of identify {unknown}
Potions
 b - a potion of magic
 d - a potion of haste
 f - 2 potions of berserk rage {unknown}
 h - a potion of lignification {unknown}
 m - a potion of brilliance {unknown}
 n - a potion of degeneration {unknown}


   Skills:
 - Level 2.0 Fighting
 + Level 0.4 Maces & Flails
 - Level 1.5 Dodging
 - Level 2.1 Stealth
 + Level 2.9 Spellcasting
 * Level 1.0 Conjurations
 - Level 0.7 Transmutations
 + Level 4.6 Earth Magic


You had 4 spell levels left.
You knew the following spells:

 Your Spells              Type           Power      Damage    Failure   Level
a - Sandblast             Erth           36%        2d10      2%          1
b - Stone Arrow           Conj/Erth      24%        3d8       17%         3

Your spell library contained the following spells:

 Spells                   Type           Power      Damage    Failure   Level
 Passwall                 Tmut/Erth      9%         N/A       9%          2
 Hailstorm                Conj/Ice       4%         3d4       41%         3
 Petrify                  Tmut/Erth      11%        N/A       52%         4
 Ice Form                 Ice/Tmut       3%         N/A       83%         4
 Simulacrum               Ice/Necr       1%         N/A       100%        6


Dungeon Overview and Level Annotations

Branches:
Dungeon (2/15)

Altars:


Innate Abilities, Weirdness & Mutations

You are immune to sickness and miasma.
Your stone body is resilient. (AC +3)
You are immune to poison.
You resist negative energy. (rN+)
You are resistant to electric shocks. (rElec)
You are resistant to unholy torment.
You are immune to petrification.


Message History

Casting: Sandblast (safe; 2% risk of failure)
Confirm with . or Enter, or press ? or * to list all spells.
Aiming: Sandblast (safe; 2% risk of failure)
Press: ? - help, Shift-Dir - straight line, f - gnoll
Aim: a gnoll, wielding a +0 flail and quivering 2 throwing nets (84% to hit)
You miscast Sandblast.
You are very lightly contaminated with residual magic.
Nothing appears to happen.
The gnoll hits you with a +0 flail.
Casting: Sandblast (safe; 2% risk of failure)
Confirm with . or Enter, or press ? or * to list all spells.
Aiming: Sandblast (safe; 2% risk of failure)
Press: ? - help, Shift-Dir - straight line, f/p - gnoll
Aim: a gnoll, wielding a +0 flail and quivering 2 throwing nets (84% to hit)
The blast of sand hits the gnoll.
The gnoll is moderately wounded.
The gnoll hits you with a +0 flail. The gnoll barely misses you.
You are too injured to fight recklessly!
You are too injured to fight recklessly!
You closely miss the gnoll.
The gnoll is moderately wounded.
The gnoll hits you with a +0 flail.
* * * LOW HITPOINT WARNING * * *
The gnoll barely misses you.
You closely miss the gnoll.
The gnoll is moderately wounded.
The gnoll closely misses you.
It was a potion of haste.
You feel yourself speed up. The gnoll barely misses you.
Your magical contamination has completely faded away.
The gnoll throws a throwing net.
The throwing net hits you.
You become entangled in the net!
You see here a throwing net.
You struggle against the net.
You struggle against the net.
You struggle against the net.
You shred the net and break free! You closely miss the gnoll.
The gnoll is moderately wounded.
The gnoll hits you with a +0 flail.
You die...

#..$. .[..........
... ....###.###.
#># # #..... #.#
###.## #.# #..# #.#
#####)#
##.#########.....#
#g.....##.....#..#
##@).####..###.#..#
#.<...##..##...#.##
##...##..##...##.#
#..###.##....#..#
#..###.#....##.##
#..##..#...## .
#..##....###..
#..##†####...#
#..##......#


You could see a gnoll.

Vanquished Creatures
  An adder (D:2)
  4 gnolls (D:2)
  2 worms (D:2)
  A dart slug (D:1)
  2 endoplasms (D:1)
  2 giant cockroaches
  3 goblins
  4 hobgoblins (D:2)
  3 quokkas (D:1)
  5 ball pythons
  4 bats (D:1)
  2 frilled lizards (D:1)
  5 rats
38 creatures vanquished.

Notes
Turn   | Place    | Note
-------+----------+-------------------------------------------
     0 | D:1      | Ijustatesigmund the Gargoyle Earth Elementalist began the
                  | quest for the Orb.
     0 | D:1      | Reached XP level 1. HP: 10/10 MP: 3/3
   236 | D:1      | Reached XP level 2. HP: 16/16 MP: 1/5
   395 | D:1      | Reached skill level 1 in Fighting
   493 | D:1      | Reached skill level 4 in Earth Magic
  1358 | D:2      | Identified the +8 hand axe "Roonkuh" {venom, Contam Will+
                  | Dex+4}
  1360 | D:2      | Reached XP level 3. HP: 20/20 MP: 0/6
  1787 | D:2      | Reached XP level 4. HP: 26/26 MP: 5/8
  1791 | D:2      | Learned a level 3 spell: Stone Arrow
  1847 | D:2      | Reached skill level 1 in Conjurations
  1862 | D:2      | Slain by a gnoll

Illustrated notes

Levels and vault maps discovered:
D:1:      dpeg_arrival_oval, layout_loops_corners
D:2:      minmay_evil_eye, layout_loops_ring, basic_altar, minmay_tetromino_o4

Skill      XL: |  1  2  3  4 |
---------------+-------------+-----
Fighting       | 1 2 |  2.0
Earth Magic    | 4 |  4.6
Conjurations   | 1 |  1.0
Maces & Flails | |  0.4
Dodging        | |  1.5
Stealth        | |  2.1
Spellcasting   | |  2.9
Transmutations | |  0.7

Action                     |  1- 3 |  4- 6 || total
---------------------------+-------+-------++-------
  Melee: Unarmed           |    13 |       ||    13
         Club              |    24 |       ||    24
         Battleaxe         |       |     9 ||     9
   Cast: Sandblast         |    50 |     1 ||    51
    Use: Scroll            |     1 |       ||     1
         Potion            |       |     1 ||     1
 Armour: Robe              |    14 |     1 ||    15
  Dodge: Dodged            |    36 |     7 ||    43
